cohdb
Replays
Latest Replays
All Replays
Popular Replays
Top Player Replays
Match Explorer
How It Works
Community
CoH3 Stats
Reddit
Sign in to upload your games and track your stats! →
Sign in with Steam
Match 37625290
Unlisted
Match 37625290
Overview
Messages
Build Orders
End
Construct Infanterie Kompanie
Kettenkrad Recon Vehicle
Selects Breakthrough Battlegroup
Selects Assault Grenadiers
Grenadier Squad
MG 42 Machine Gun Team
Grenadier Squad
MG 42 Machine Gun Team
Construct Panzergrenadier Kompanie
Medical Bunker
Pak 40 Anti-tank Gun Team
Construct Panzer Kompanie
Sniper
Kettenkrad Recon Vehicle
Selects Smoke Bombing Run
Selects Rapid Production
Selects Blitzkrieg
Panzergrenadier Squad
Panzer IV Medium Tank
Stoßtruppen Squad
Pak 40 Anti-tank Gun Team
Kettenkrad Recon Vehicle
Panzer IV Medium Tank
Side Skirts
Pioneer Squad
Panzer IV Medium Tank
Selects Tiger Heavy Tank
Grenadier Squad
Selects Smoke Bombing Run
Selects Incendiary Bombing Run
Pioneer Squad
Tiger Heavy Tank
Pioneer Squad
Panzer IV Medium Tank
Stoßtruppen Squad
Kettenkrad Recon Vehicle
Pioneer Squad
Panzer IV Medium Tank
Kettenkrad Recon Vehicle
Medical Station
Grenadier Squad
Kettenkrad Recon Vehicle
Wrathment
Vlady the Impaler
0
0
Comments
sign in to comment!
No comments posted yet!